 Dungeon Crawl Stone Soup version 0.25-a0-578-gc91f01c39c (webtiles) character file.

Game seed: 15446734257038002936, levelgen mode: deterministic

415 kae the Sneak (level 6, 0/41 HPs)
             Began as a Vampire Enchanter on Mar 3, 2020.
             Succumbed to an orc's poison
             ... on level 4 of the Dungeon.
             The game lasted 00:04:51 (3296 turns).

kae the Sneak (Vampire Enchanter)                   Turns: 3296, Time: 00:04:52

Health: 0/41       AC:  3    Str:  7 (9)  XL:     6   Next: 60%
Magic:  11/11      EV: 12    Int: 15 (17) God:
Gold:   137        SH:  0    Dex: 14 (15) Spells: 2/11 levels left

rFire    . . .     SeeInvis +   a - +1 dagger
rCold    + . .     Gourm    .   (no shield)
rNeg     . . .     Faith    .   b - +0 robe
rPois    .         Spirit   .   (no helmet)
rElec    .         Reflect  .   (no cloak)
rCorr    .         Harm     .   p - +0 pair of gloves
MR       .....                  (no boots)
Stlth    +++.......             (no amulet)
HPRegen  0.33/turn              (no ring)
MPRegen  0.12/turn              (no ring)

@: mighty, lethally poisoned (0 -> -4), about to teleport, stab, flying,
regenerating quickly, hasted and slowed
A: no food, claws 1, fangs 3, see invisible, cold resistance 1, unbreathing,
evolution 1
a: Exsanguinate


You were on level 4 of the Dungeon.
You were alive.

You visited 1 branch of the dungeon, and saw 4 of its levels.

You collected 137 gold pieces.

Inventory:

Hand Weapons
 a - a +1 dagger (weapon)
Armour
 b - a +0 robe (worn)
 p - a +0 pair of gloves (worn)
Jewellery
 l - an uncursed ring of flight {unknown}
Scrolls
 d - a scroll of fear
 g - 2 scrolls of enchant weapon {unknown}
 m - a scroll of magic mapping {unknown}
 o - a scroll of blinking {unknown}
 q - a scroll of remove curse {unknown}
Potions
 h - a potion of mutation


   Skills:
 * Level 4.7 Short Blades
 - Level 2.1 Dodging
 + Level 6.4 Stealth
 + Level 3.4 Spellcasting
 + Level 6.2 Hexes


You had 2 spell levels left.
You knew the following spells:

 Your Spells              Type           Power        Failure   Level  Hunger
a - Corona                Hex            ###....      1%          1    N/A
b - Ensorcelled Hibernat  Hex/Ice        ##....       9%          2    N/A
c - Confusing Touch       Hex            ###.....     4%          3    N/A
d - Tukima's Dance        Hex            ###.....     4%          3    N/A

Your spell library contained the following spells:

 Spells                   Type           Power        Failure   Level  Hunger
 Dazzling Flash           Conj/Hex       ##....       16%         3    N/A

Dungeon Overview and Level Annotations

Branches:
Dungeon (4/15)
 Temple: D:4-7

Altars:
Cheibriados

Annotations:
D:4 1 transporter, Flugslaktarn's ghost, weakling DDFi


Innate Abilities, Weirdness & Mutations

You do not eat.
Your natural rate of healing is unusually fast.
You have razor-sharp teeth.
You have supernaturally acute eyesight. (SInv)
You can survive without breathing.
You have sharp fingernails.
Your flesh is cold resistant. (rC+)
You evolve.


Message History

You can't eat.
Okay, then.
You aren't carrying any items that you can evoke.
As you read the scroll labeled KODWU OSMETROK, it crumbles to dust.
You assume a fearsome visage.
The orc looks frightened! x2
The orc wizard looks frightened! x2; The orc priest looks frightened!
The orc looks frightened! x2; The orc priest looks frightened!
It was a scroll of fear.
* * * LOW HITPOINT WARNING * * *
You feel sick.
The orc wizard mumbles some strange words.
The orc wizard blinks!
The orc wizard mumbles some strange words.
The orc wizard blinks!
The orc wizard mumbles some strange words.
The orc wizard blinks!
You hear a shout!
As you read the scroll labeled JEQUHAT MIPUT, it crumbles to dust.
You feel strangely unstable.
It was a scroll of teleportation.
You die...

##########.....#####......
#### #.....##..†......
.... #.o..§##.##.#.#.. #
..... #.....#...#.#.... #
. .....###.....#.###.#.##.
# .. ......o.o.o.#.#
#...... ##..#
.##.o...o...#'######.##
...# ##...o#......###....#
..# ##.@.#..........#..#
..# #.o.#..............
#.# #...#..........#.#.
#.## #...#......###+#.#.
...# ....#########....#.
...## #..### #....##
....## ..# #....## .....#
... ########....## ......
##.........#.#


You could see 2 orc priests, 2 orc wizards and 4 orcs.

Vanquished Creatures
  A phantom (D:4)
  A howler monkey (D:4)
  2 orc priests
  Jessica (D:3)
  An iguana (D:3)
  2 worker ants (D:4)
  5 adders
  An ooze (D:3)
  A worm (D:2)
  A dart slug (D:2)
  A leopard gecko (D:1)
  7 orcs (D:3)
  2 ball pythons (D:3)
  10 bats
  3 giant cockroaches
  2 goblins
  4 hobgoblins
  13 jackals
  A quokka (D:4)
  A frilled lizard (D:4)
  7 kobolds
  13 rats
80 creatures vanquished.

Notes
Turn   | Place    | Note
-------+----------+-------------------------------------------
     0 | D:1      | kae the Vampire Enchanter began the quest for the Orb.
     0 | D:1      | Reached XP level 1. HP: 13/13 MP: 3/3
   211 | D:1      | Reached XP level 2. HP: 19/19 MP: 3/5
   233 | D:1      | Learned a level 2 spell: Ensorcelled Hibernation
   728 | D:2      | Reached XP level 3. HP: 20/24 MP: 6/6
   794 | D:2      | Learned a level 3 spell: Confusing Touch
   894 | D:2      | Found a snail-covered altar of Cheibriados.
  1010 | D:2      | Reached skill level 5 in Stealth
  1035 | D:2      | Reached skill level 5 in Hexes
  1446 | D:2      | Reached XP level 4. HP: 30/30 MP: 7/7
  1902 | D:3      | Reached XP level 5. HP: 35/35 MP: 6/9
  2034 | D:3      | Noticed Jessica
  2038 | D:3      | Killed Jessica
  2884 | D:4      | Found a transporter.
  2884 | D:4      | Noticed Flugslaktarn's ghost (weakling DDFi)
  2916 | D:4      | Reached XP level 6. HP: 41/41 MP: 10/10
  3147 | D:4      | Learned a level 3 spell: Tukima's Dance
  3287 | D:4      | Gained mutation: You evolve. [potion of mutation]
  3287 | D:4      | Gained mutation: You have sharp fingernails. [potion of
                  | mutation]
  3287 | D:4      | Gained mutation: Your flesh is cold resistant. (rC+)
                  | [potion of mutation]
  3294 | D:4      | HP: 2/41 [orc/+1 flail of venom (3)]
  3296 | D:4      | Succumbed to an orc's poison

Levels and vault maps discovered:
D:1:      minmay_arrival_cross, layout_basic
D:2:      layout_basic, kennysheep_slug_shrine
D:3:      layout_basic, uniq_jessica
D:4:      layout_basic, gammafunk_temple_overflow_claw,
          gammafunk_ghost_mausoleum

Skill      XL: |  1  2  3  4  5  6 |
---------------+-------------------+-----
Short Blades   | 2 3 4 |  4.7
Stealth        | 5 6 |  6.4
Hexes          | 5 6 |  6.2
Spellcasting   | 3 |  3.4
Dodging        | |  2.1

Action                   |  1- 3 |  4- 6 || total
-------------------------+-------+-------++-------
Melee: Dagger            |   170 |   171 ||   341
       Bite              |    12 |    13 ||    25
 Cast: Corona            |    11 |     1 ||    12
       Ensorcelled Hiber |    10 |    24 ||    34
       Confusing Touch   |       |     2 ||     2
  Use: Potion            |       |     9 ||     9
       Scroll            |       |     2 ||     2
 Stab: Sleeping          |    12 |    16 ||    28
       Distracted        |       |     1 ||     1
       Confused          |       |     2 ||     2
Armor: Robe              |    47 |    32 ||    79
Dodge: Dodged            |   124 |   117 ||   241

Table legend:
 A = Non-vault XP
 B = Vault XP
 C = Vault XP percentage of total XP
 D = Non-vault monster count
 E = Vault monster count
 F = Vault count percentage of total count
                 A         B        C        D         E       F
            +---------+---------+-------+---------+---------+-------
      Total |     553 |      41 |   6.9 |      78 |       2 |   2.5
            +---------+---------+-------+---------+---------+-------
        D:1 |      40 |       0 |   0.0 |      24 |       0 |   0.0
        D:2 |      53 |       4 |   7.0 |      17 |       1 |   5.6
        D:3 |     141 |      37 |  20.8 |      24 |       1 |   4.0
        D:4 |     319 |       0 |   0.0 |      13 |       0 |   0.0
            +---------+---------+-------+---------+---------+-------
